[Event "Mitropa Cup Women 2022"]
[Site "Corte"]
[Date "2022.05.03"]
[Round "4.4"]
[White "Karacsonyi, Kata"]
[Black "Vujnovic, Patricija"]
[Result "1/2-1/2"]
[ECO "B84"]
[WhiteElo "2130"]
[BlackElo "2123"]
[Annotator "TA"]
[PlyCount "59"]
[EventDate "2022.04.30"]
[EventType "team-tourn"]
[EventCountry "FRA"]
[SourceTitle "playchess.com"]
[Source "ChessBase"]
[SourceQuality "1"]
[WhiteTeam "Hungary"]
[WhiteTeamCountry "HUN"]
[TimeControl "40/5400+30:1800+30"]

1. e4 c5 2. Nf3 e6 3. d4 cxd4 4. Nxd4 a6 5. Nc3 Qc7 6. a3 Nf6 7. Be2 d6 8. O-O b5 9. f4 Bb7 10. Bf3 Nbd7 11. Kh1 Be7 12. Qe2 O-O {[%emt 0:07:38] B84: Sicilian Scheveningen: 6 Be2 a6, lines without early Be3.} 13. Bd2 (13. g4 $5 ) 13... Rac8 14. Rae1 Nb6 15. Qf2 Nc4 16. Bc1 {[%emt 0:00:53] [#]} Nxa3 $1 17. e5 {[%emt 0:19:46] [#]} (17. Qg3 Ne8) 17... dxe5 $146 ({Predecessor:} 17... Ne8 18. Qg3 Bxf3 19. Rxf3 Nc4 20. b3 dxe5 21. fxe5 Rd8 22. Ndxb5 axb5 23. bxc4 Qxc4 {½-½ (57) Zozulia,A (2381)-Docx,S (2330) Antwerp 2011}) 18. fxe5 $11 {[%emt 0:04:53] Threatens to win with Bg5.} Nd7 (18... Ne8 $5) 19. Bxb7 Qxb7 20. Qg3 $1 Nc4 $1 21. Bh6 $1 g6 22. Bxf8 Rxf8 23. Ne4 Ncxe5 24. Ng5 Qd5 25. Rd1 {[%emt 0:02:46][%cal Od4e6] Black must now prevent Ndxe6!} Qb7 26. Rde1 Qd5 27. Rd1 {[%emt 0:00:30][%cal Od4e6] And now Ndxe6! would win.} Qb7 28. Rde1 Qd5 29. Rd1 {[%emt 0:00:08][%cal Od4e6] Strongly threatening Ndxe6!} Qb7 30. Rde1 {[%emt 0:00:44] Weighted Error Value: White=0.09 (flawless) /Black=0.11 (very precise)} 1/2-1/2

[Event "Mitropa Cup Women 2022"]
[Site "Corte"]
[Date "2022.05.03"]
[Round "4.4"]
[White "Gabbani, Sara"]
[Black "Froewis, Annika"]
[Result "1/2-1/2"]
[ECO "B40"]
[WhiteElo "1831"]
[BlackElo "2085"]
[Annotator "TA"]
[PlyCount "74"]
[EventDate "2022.04.30"]
[EventType "team-tourn"]
[EventCountry "FRA"]
[SourceTitle "playchess.com"]
[Source "ChessBase"]
[SourceQuality "1"]
[WhiteTeam "Italy"]
[WhiteTeamCountry "ITA"]
[TimeControl "40/5400+30:1800+30"]

1. e4 c5 2. Nf3 e6 3. d4 cxd4 4. Nxd4 Nf6 5. Nc3 Nc6 6. g3 Bb4 7. Bg2 O-O $1 {[%emt 0:03:51][%mdl 4] is more profitable than 7...d5 at the moment.} 8. O-O {[%emt 0:00:26] B45: Sicilian Four Knights.} a6 9. Nce2 Qc7 10. c3 {[%emt 0:02:33] White has an edge.} Be7 11. h3 {[%emt 0:09:24] [#]} h6 $146 ({Predecessor:} 11... d5 12. exd5 Nxd5 13. Nf4 Nxf4 14. Bxf4 e5 15. Nxc6 bxc6 16. Be3 Be6 17. Qc2 f5 {1-0 (32) Jablonski,M-Czechowski,P Bydgoszcz 2001}) 12. f4 d5 13. e5 Nh7 14. Be3 (14. Qc2 {with more complications.} f6 15. Qg6 Rf7 16. exf6 Nxf6 17. Be3) 14... Kh8 (14... f6 $11) 15. Qc2 Bd7 16. Rad1 Rac8 17. Qb1 {[%emt 0:11:26] White is more active.} ({White should try} 17. Kh2 $16) 17... f6 $11 18. exf6 Bxf6 (18... Nxf6 $11 19. g4 Bc5) 19. g4 Na5 (19... Nxd4 $11 20. Nxd4 Be7) 20. Kh1 Nc4 21. Bg1 b5 22. Qc1 a5 23. Bh2 (23. Qc2 {seems wilder.} b4 24. f5 e5 25. Ne6) 23... Qb6 24. Bg1 {[%emt 0:00:35] [#] b3 is the strong threat.} Qa6 (24... Qc7 $11) 25. Qb1 (25. Nf3 $16) 25... b4 26. cxb4 axb4 27. b3 Nd6 28. Rc1 Be7 (28... Ne4 $15 29. Bxe4 dxe4) 29. Rxc8 Rxc8 30. Rc1 Nf6 31. Rxc8+ Qxc8 32. Ng3 Nb5 33. Nge2 Nd6 34. Ng3 Nb5 35. Nge2 Nd6 36. Ng3 Nb5 37. Nge2 Nd6 {[%emt 0:00:07] Weighted Error Value: White=0.15 (very precise) /Black=0.23 (precise)} 1/2-1/2

[Event "Mitropa Cup Women 2022"]
[Site "Corte"]
[Date "2022.05.03"]
[Round "4.5"]
[White "Schulze, Lara"]
[Black "Unuk, Laura"]
[Result "0-1"]
[ECO "C07"]
[WhiteElo "2303"]
[BlackElo "2338"]
[Annotator "TA"]
[PlyCount "80"]
[EventDate "2022.04.30"]
[EventType "team-tourn"]
[EventCountry "FRA"]
[SourceTitle "playchess.com"]
[Source "ChessBase"]
[SourceQuality "1"]
[WhiteTeam "Germany"]
[BlackTeam "Slovenia"]
[WhiteTeamCountry "GER"]
[BlackTeamCountry "SLO"]
[TimeControl "40/5400+30:1800+30"]

1. e4 e6 2. d4 d5 3. Nd2 c5 4. Ngf3 cxd4 5. Nxd4 Nf6 6. exd5 Nxd5 7. Bd3 Be7 8. N2f3 O-O 9. c3 Nc6 {[%emt 0:05:31] C03: French Tarrasch: Unusual Black 3rd moves.} 10. O-O Nxd4 11. Nxd4 Qc7 {[%emt 0:02:16] The position is equal.} 12. Qh5 {[%emt 0:10:06][%csl Gd3][%cal Rh5h7] [#]} Nf6 $146 ({Predecessor:} 12... g6 13. Qf3 Rd8 14. Rd1 a6 15. Ne2 e5 16. Bc2 Be6 17. Bb3 Nf6 {½-½ (26) Camacho Collados,M (2360)-Summerscale,A (2434) England 2011}) 13. Qh4 Rd8 14. Re1 Rd5 (14... e5 $14 15. Qg3 Rd5) 15. Bf4 $1 $16 Qc5 {[%emt 0:19:49] [#]} (15... e5 16. Bg5 $16) 16. Nb3 $1 Nh5 (16... Qc6 17. Bxh7+) 17. Bg5 Bxg5 $11 18. Bxh7+ $2 Kxh7 $19 19. Qxh5+ Bh6 20. Qxf7 Qb6 {[%emt 0:01:24] ...Rf5 is the strong threat.} 21. Nd4 {[%emt 0:03:42] Inhibits Rf5.} Qxb2 22. Nxe6 Bxe6 23. Qxe6 Rad8 24. c4 Rd2 25. Qf5+ Kh8 {[%emt 0:00:04][%cal Ob2a1] aiming for ...Qxa1!} 26. h4 Qb4 {[%emt 0:01:17] White must now prevent ...Rf8.} 27. Qf7 Qf8 {[%emt 0:03:01] Against Re8} 28. Re7 Rxf2 $4 29. Qxf8+ (29. Kxf2 $18 {was the only winning move.} Rd2+ 30. Kf1 Qxf7+ 31. Rxf7) 29... Rdxf8 30. Rxb7 Rc2 {[%emt 0:00:27] Strongly threatening ...Rff2.} 31. Kh2 Rff2 32. Rxa7 (32. Rg1 $19) 32... Rxg2+ (32... Bf4+ $142 33. Kh3 Rc3+ 34. Kg4 Bb8 35. Rf7 Rxf7 36. Kh5 Rg3 37. Rf1 Rxf1 38. c5 Rf5#) 33. Kh3 Bf4 34. Ra3 {[%emt 0:00:19] Inhibits Rg3+.} Rg6 35. Rh1 {[%emt 0:00:26] Prevents Rh2+.} Rxc4 36. Rf1 Bd6 37. Rd3 Be7 38. Kh2 Rxh4+ {[%emt 0:00:06] Black mates.} 39. Rh3 Bd6+ 40. Kh1 Rxh3# {Weighted Error Value: White=0.89/Black=0.53} 0-1

[Event "Mitropa Cup Women 2022"]
[Site "Corte"]
[Date "2022.05.03"]
[Round "4.5"]
[White "Hakimifard, Ghazal"]
[Black "Guichard, Pauline"]
[Result "1-0"]
[ECO "C60"]
[WhiteElo "2288"]
[BlackElo "2371"]
[Annotator "TA"]
[PlyCount "79"]
[EventDate "2022.04.30"]
[EventType "team-tourn"]
[EventCountry "FRA"]
[SourceTitle "playchess.com"]
[Source "ChessBase"]
[SourceQuality "1"]
[WhiteTeam "Switzerland"]
[WhiteTeamCountry "SUI"]
[TimeControl "40/5400+30:1800+30"]

1. e4 e5 2. Nf3 Nc6 3. Bb5 g6 4. O-O Bg7 5. c3 a6 6. Ba4 Nge7 7. d4 exd4 8. cxd4 b5 {[%emt 0:00:06] C60: Ruy Lopez: Unusual Black 3rd moves and 3...g6.} 9. Bb3 O-O 10. Nc3 d6 {[%emt 0:00:33] The position is equal.} 11. h3 {[%emt 0:00:41] Against Bg4} Na5 12. Bc2 c5 13. Bg5 {[%emt 0:04:28] Hoping for dxc5.} Qc7 (13... h6 $5 14. Bh4 g5 $11) 14. Rc1 {[%emt 0:07:00] [#]} Nc4 $146 ({Predecessor:} 14... Bb7 15. b3 Nac6 16. Bb1 Rfe8 17. Ne2 cxd4 18. Nexd4 Qd7 19. Qd2 Nxd4 20. Nxd4 d5 {½-½ (36) Narva,M (2333)-Kiolbasa,O (2160) Tallinn 2020}) 15. b3 Nb6 16. Bb1 Bb7 17. Re1 Nc6 (17... Rfe8 $16) 18. Nd5 $18 Nxd5 19. exd5 Nb4 (19... Nd8 $142) 20. dxc5 dxc5 {[%emt 0:00:32] [#]} 21. Re7 $2 ({Only move:} 21. d6 $1 $18 Qb6 22. Be3 Bxf3 23. Qxf3) 21... Qb6 $14 22. a3 $1 Nxd5 {[%emt 0:00:16] [#]} 23. Rxb7 Qxb7 24. Be4 $36 {[%emt 0:00:06][%cal Bb1e4,Be4d5,Bd5f7][%mdl 2080] Black is under strong pressure.} Qd7 25. Qxd5 $18 Qxd5 26. Bxd5 Rac8 27. Be7 {[%emt 0:14:45] White is more active. A strong pair of Bishops.} (27. Bf4 $142) 27... Bb2 {[%emt 0:00:24] Loses the game.} (27... Rfe8 $16 {was called for.} 28. Bg5 (28. Rxc5 Bf8 $16) (28. Bxc5 $2 Bb2 $19) 28... h6) 28. Re1 ({Resist} 28. Rxc5 $6 Rxc5 29. Bxc5 Rd8 $16) 28... Rfe8 (28... c4 $142) 29. Ng5 Kg7 30. Bxf7 ({Don't take} 30. Nxf7 c4 $18) 30... Rxe7 31. Rxe7 Kf6 32. Re2 Bxa3 33. Ne4+ ({Not} 33. Nxh7+ Kxf7 34. Ng5+ Kf8 $15) 33... Kg7 {[%emt 0:00:23] [#]} 34. Ra2 $1 {[%emt 0:00:47] White is clearly winning.} b4 (34... Bc1 35. Rxa6) 35. Bc4 a5 36. Rd2 Kh6 (36... Rc7 $142 37. Rd5 Bb2 38. Nxc5 Ra7) 37. g4 {[%emt 0:02:59] White threatens f4 and mate.} Rc7 38. Rd5 (38. f4 $142 {Intending g5+ and mate.} Kg7 39. f5 gxf5 40. gxf5) 38... a4 (38... Kg7 $142 39. Nxc5 Ra7) 39. bxa4 {[%emt 0:06:44] aiming for Nf6.} Ra7 40. Nxc5 {[%emt 0:00:55] Weighted Error Value: White=0.30/Black=0.35} 1-0

[Event "Mitropa Cup Women 2022"]
[Site "Corte"]
[Date "2022.05.03"]
[Round "4.6"]
[White "Urh, Zala"]
[Black "Schoene, Maria"]
[Result "1-0"]
[ECO "E71"]
[WhiteElo "2315"]
[BlackElo "2222"]
[Annotator "TA"]
[PlyCount "57"]
[EventDate "2022.04.30"]
[EventType "team-tourn"]
[EventCountry "FRA"]
[SourceTitle "playchess.com"]
[Source "ChessBase"]
[SourceQuality "1"]
[WhiteTeam "Slovenia"]
[BlackTeam "Germany"]
[WhiteTeamCountry "SLO"]
[BlackTeamCountry "GER"]
[TimeControl "40/5400+30:1800+30"]

1. d4 Nf6 2. c4 g6 3. Nc3 Bg7 4. e4 d6 5. h3 O-O 6. Be3 e5 7. d5 c6 8. g4 {[%emt 0:01:52] E71: King's Indian: 4 e4 d6 5 h3.} (8. Nf3 $14) 8... a5 (8... b5 $11) 9. Nge2 $14 {[%emt 0:02:26] White is more active.} Na6 10. Ng3 {[%emt 0:00:55] White is slightly better.} Qc7 11. Be2 {[%emt 0:03:47] [#]} Nc5 $146 ({Predecessor:} 11... Rb8 12. Qd2 Ne8 13. h4 f6 14. h5 Rf7 15. hxg6 hxg6 16. f3 Bf8 17. Kf2 c5 {1-0 (38) Rosell,S (1943)-Vernuks,V (1692) Calvia 2019}) 12. h4 a4 13. Rc1 Qa5 14. Kf1 cxd5 15. cxd5 (15. exd5 $142 Bd7 16. Kg2) 15... Bd7 $16 16. h5 Qb4 17. Kg2 Rac8 {[%emt 0:03:57] [#]} (17... Ncxe4 $2 18. Ncxe4 Nxe4 19. Rc4 Nxf2 20. Rxb4 $18) (17... Rfc8 $16 {was called for.}) 18. g5 $1 $18 Ne8 (18... Nfxe4 $2 19. Ncxe4 Nxe4 20. Rh4 $18) 19. Qg1 ({Resist} 19. h6 $6 Bh8 $16) (19. Bg4 $18 f5 20. gxf6 Nxf6 21. Bxd7 Ncxd7 22. Qe2 (22. Qxa4 Qxa4 23. Nxa4 Ng4 $16)) 19... f5 $2 (19... Qxb2 $16 20. Qh2 h6 21. gxh6 Bf6) 20. hxg6 hxg6 {[%emt 0:00:35] ...f4 is the strong threat.} 21. exf5 ({Inferior is} 21. Qh2 f4 22. Qh7+ Kf7 23. Bxc5 (23. Rh6 fxe3 24. Rxg6 Ke7 $19) 23... Rxc5 $11) 21... Bxf5 22. Qh2 Kf7 23. Nxf5 gxf5 24. Qh5+ Ke7 25. Qg6 {[%emt 0:00:13] [#] Black must now prevent a3.} Qxb2 26. Bb5 {[%emt 0:05:51] Bxc5 would kill now.} Nc7 27. Bxc5 {[%emt 0:02:37] White mates.} Nxb5 28. Qe6+ Kd8 29. Bb6+ {[%emt 0:00:09] Weighted Error Value: White=0.22 (precise) /Black=1.02} (29. Nxb5 $142 dxc5 30. Qb6+ Ke8 31. Nd6+ Kd7 32. Qxb2 Kxd6 33. Qb6+ Rc6 34. dxc6) 1-0

[Event "Mitropa Cup Women 2022"]
[Site "Corte"]
[Date "2022.05.03"]
[Round "4.6"]
[White "Navrotescu, Andreea"]
[Black "Hund, Sarah"]
[Result "1-0"]
[ECO "D32"]
[WhiteElo "2275"]
[BlackElo "2086"]
[Annotator "TA"]
[PlyCount "77"]
[EventDate "2022.04.30"]
[EventType "team-tourn"]
[EventCountry "FRA"]
[SourceTitle "playchess.com"]
[Source "ChessBase"]
[SourceQuality "1"]
[BlackTeam "Switzerland"]
[BlackTeamCountry "SUI"]
[TimeControl "40/5400+30:1800+30"]

1. d4 d5 2. c4 e6 3. Nc3 c5 4. cxd5 exd5 5. Nf3 Nc6 6. dxc5 d4 7. Na4 $1 Bxc5 {[%emt 0:00:32][%mdl 64] [#] Decoy. D32: Tarrasch Defence: Sidelines and lines without g3.} 8. Nxc5 Qa5+ 9. Bd2 ({White should play} 9. Qd2 $14 Qxc5 10. e3) 9... Qxc5 $11 {[%emt 0:00:15] The position is equal.} 10. b4 Nxb4 {[%emt 0:04:29] Hoping for ...Nc2+.} 11. Rc1 {[%emt 0:00:25] Against Nc2+} Qd6 12. e3 Ne7 13. Nxd4 {[%emt 0:09:06][%cal Bf3d4,Bd4b5,Bb5c7][%mdl 32] [#] Black must now prevent Nb5.} O-O 14. Nb5 Nd3+ 15. Bxd3 Qxd3 16. Nc7 $36 {[%emt 0:00:03][%mdl 2048] Strongly threatening Bb4. White has some pressure.} Qg6 17. O-O (17. Nxa8 Qxg2 18. Rf1 Bh3 $17) 17... Bh3 $1 18. Qf3 Bg4 {[%emt 0:00:30] [#]} 19. Qf4 $146 (19. Qxb7 Rab8 20. Qa6 Rb6 $17) (19. Qg3 $5 Nf5 20. Qf4 $16) ({Predecessor:} 19. Qg3 Rac8 20. Bb4 Qe4 21. Qf4 Qxf4 22. exf4 Rfd8 23. Bxe7 Rd7 24. Nb5 Rxc1 25. Rxc1 Rxe7 {½-½ (41) Bartsch,R (2090)-Tedesco,M (2092) ICCF email 2016}) 19... Rac8 {[%emt 0:20:52] White now steadily converts the win.} (19... Rad8 $1 $11 20. Bb4 Rd7) 20. Bb4 $16 {[%emt 0:03:15] White is more active.} Rxc7 21. Qxc7 ({Resist} 21. Rxc7 $6 Nd5 22. Qg3 (22. Qc4 Bf3 $17) 22... Nxb4 $11) 21... Nd5 22. Qd6 (22. Qxb7 Bf3 23. g3 Qg4 24. Qxd5 (24. Bxf8 {leads to mate.} Qh3) 24... Bxd5 $19) 22... Nxb4 23. Qxb4 Bh3 $2 (23... Bf3 24. g3 Re8) 24. Qxb7 $18 h5 25. Kh1 Be6 26. Rfd1 h4 27. h3 Bxa2 (27... Qf5 $142 28. f3 Bxa2 29. Qxa7 Bb3) 28. Qxa7 Be6 29. Rd4 Qf6 30. Kg1 g5 (30... g6 $142 31. Qa4 Kg7 32. Rxh4 Rd8) 31. Rc5 {[%emt 0:02:07] Qa5 is the strong threat.} Kh7 32. f4 Bf5 33. fxg5 {[%emt 0:02:17] White mates.} Qe6 34. Rxh4+ Kg8 35. Qa1 f6 36. Qd4 Kg7 37. Rc7+ Kg6 38. Rh6+ Kxg5 39. Qf4# {[%emt 0:00:07] Weighted Error Value: White=0.13 (very precise) /Black=0.58} 1-0

[Event "Mitropa Cup Women 2022"]
[Site "Corte"]
[Date "2022.05.03"]
[Round "4.7"]
[White "Bashylina, Luisa"]
[Black "Vidic, Teja"]
[Result "0-1"]
[ECO "D18"]
[WhiteElo "1981"]
[BlackElo "2168"]
[Annotator "TA"]
[PlyCount "64"]
[EventDate "2022.04.30"]
[EventType "team-tourn"]
[EventCountry "FRA"]
[SourceTitle "playchess.com"]
[Source "ChessBase"]
[SourceQuality "1"]
[WhiteTeam "Germany"]
[BlackTeam "Slovenia"]
[WhiteTeamCountry "GER"]
[BlackTeamCountry "SLO"]
[TimeControl "40/5400+30:1800+30"]

1. d4 d5 2. c4 c6 3. Nf3 Nf6 4. Nc3 dxc4 5. a4 Bf5 6. e3 e6 7. Bxc4 Bb4 8. O-O O-O 9. Nh4 Nbd7 10. h3 Nb6 {[%emt 0:07:16] D18: Slav Defence: 5 a4 Bf5 6 e3.} 11. Bb3 a5 12. Nxf5 exf5 {[%emt 0:00:14] White has an edge.} 13. Qf3 g6 14. g4 $1 fxg4 15. hxg4 h5 ({Black should try} 15... c5 $1 $14) 16. gxh5 $16 Nxh5 17. e4 {[%emt 0:09:30] [#]} Kg7 $146 {[%emt 0:11:02] Prevents Bh6+.} ({Predecessor:} 17... Qxd4 18. Be3 Qd8 19. Rad1 Qc7 20. Qg4 Ng7 21. Qxg6 Bxc3 22. Qh6 {1-0 (22) Makarov,A (2553)-Grodzensky,S (2458) RCCA corr 2001}) 18. Be3 (18. e5 $14) 18... f5 $1 $11 {[%emt 0:05:29][%cal Bf7f5,Bf5f4][%mdl 32] White should prevent ...f4.} 19. d5 f4 20. Bxb6 Qxb6 21. Rfd1 Rad8 (21... Bc5 $15 {was preferrable.} 22. Bc4 Rad8) 22. Rac1 Bd6 (22... Bc5 $5 23. Bc4 Bd4 $11) 23. Ne2 (23. Nb1 $1 $11) 23... Be5 (23... c5 $5 ) 24. Rd3 (24. Rc4 $11 {remains equal.}) 24... Ng3 $17 {[%emt 0:09:28] Black is more active.} ({Don't play} 24... Bxb2 25. Rcd1 $11) 25. Rcd1 {[%emt 0:05:42] [#]} Nxe2+ (25... c5 $1 $17) 26. Qxe2 $11 c5 27. d6 {[%emt 0:07:28] [#]} (27. Qg4 $11) 27... Bd4 $1 $17 28. e5 {[%emt 0:00:49] And now Bc2 would win.} Rde8 ({Black should play} 28... Rf5 $17 29. e6 Qc6) 29. Rxd4 $2 cxd4 30. Bc2 {[%emt 0:04:00][%mdl 8192] [#]} (30. d7 $17 Re7 31. Rd3) 30... Qxd6 $1 $19 {[%emt 0:04:58][%mdl 512] Black is clearly winning.} 31. Qe4 (31. exd6 Rxe2) 31... Rxe5 32. Qxb7+ Rf7 {[%emt 0:01:08] Weighted Error Value: White=0.61/Black=0.18 (very precise)} 0-1

[Event "Mitropa Cup Women 2022"]
[Site "Corte"]
[Date "2022.05.03"]
[Round "4.8"]
[White "Leconte, Maria"]
[Black "Zhuang, Yongzhe"]
[Result "1/2-1/2"]
[ECO "C55"]
[WhiteElo "2211"]
[BlackElo "1701"]
[Annotator "TA"]
[PlyCount "114"]
[EventDate "2022.04.30"]
[EventType "team-tourn"]
[EventCountry "FRA"]
[SourceTitle "playchess.com"]
[Source "ChessBase"]
[SourceQuality "1"]
[WhiteTeam "France"]
[BlackTeam "Switzerland"]
[WhiteTeamCountry "FRA"]
[BlackTeamCountry "SUI"]
[TimeControl "40/5400+30:1800+30"]

1. e4 e5 2. Bc4 Nf6 3. d3 Nc6 4. Nf3 h6 5. a3 a6 6. Nc3 Bc5 7. Be3 d6 8. b4 Ba7 9. h3 O-O 10. O-O Nd4 {[%emt 0:03:19] C50: Hungarian Defence and Giuoco Pianissimo.} 11. Nd5 {[%emt 0:14:37] [#]} Nxd5 $146 ({Predecessor:} 11... Ne6 12. c3 Nh7 13. Bxa7 Rxa7 14. Qd2 c6 15. Ne3 Nf4 16. Kh2 d5 17. exd5 cxd5 18. Bb3 {0-1 (43) Cetkovic,S (2101)-Naumkin,I (2415) Cutro 2006}) 12. Bxd5 c6 13. Ba2 Ne6 14. Bxa7 Rxa7 15. d4 exd4 16. Nxd4 Nf4 {[%emt 0:00:53][%cal Oc8h3] White must now prevent ...Bxh3!} 17. Nf5 Qg5 {[%emt 0:05:37][%csl Gf4][%cal Rg5g2] [#]} (17... Bxf5 $5 18. exf5 Re8 $15) 18. Qg4 ({White should play} 18. g3 $1 $11) 18... Bxf5 $15 19. exf5 a5 20. b5 cxb5 (20... Qxg4 $15 21. hxg4 Ne2+ 22. Kh2 Nc3) 21. Rfd1 Ra6 22. Kf1 (22. Bd5 $5 ) 22... Rc6 $40 {[%emt 0:02:59][%mdl 128] Black attacks.} 23. g3 Nh5 {[%emt 0:00:53] next ...Qxg4 is good for Black.} 24. Qxg5 hxg5 25. Rd5 Rc5 26. Rxd6 (26. Rb1 $1 $11) 26... Rxf5 27. Kg1 Nf6 $1 {[%emt 0:00:43][%cal Of5f2] Inhibits Bd5.} 28. Re1 Rc5 (28... Rf3 $1 $15 29. Rd3 Rxd3 30. cxd3 Re8) 29. Re2 (29. Rb6 $1 $11) 29... Rc3 30. Rd3 Rc5 (30... Rxd3 $17 31. cxd3 Rd8) 31. Kg2 Rfc8 32. Re7 $1 R5c7 33. Bxf7+ Kh7 34. Rxc7 Rxc7 $11 {[%emt 0:00:07][%mdl 4096] Endgame KRB-KRN} 35. Bd5 b6 36. Be6 Kg6 (36... Rxc2 $11 37. Rb3 Rc5) 37. Rd6 $14 Rxc2 38. Rxb6 Rb2 (38... Rc5 $14) 39. a4 $16 b4 40. Rb5 Re2 41. Bc4 Rd2 42. Rxa5 Ne4 (42... g4 $16 {was worth a try.}) 43. Rd5 ({White should try} 43. Kf3 $18 Rd4 44. Ba2) 43... Rxf2+ 44. Kg1 {[%emt 0:00:13] [#] Bd3 is the strong threat.} Rf3 45. Bd3 ({Better is} 45. Rd3 $16 Rf5 46. Rb3) 45... Rxg3+ 46. Kh2 (46. Kf1 $5 Re3 47. a5 $14) 46... Re3 {[%emt 0:00:16] The position is equal.} 47. Rd4 Kf5 48. a5 {[%emt 0:00:49] Hoping for a6.} b3 $1 49. a6 {[%emt 0:01:08] Threatens to win with a7.} b2 $1 {[%emt 0:00:14][%cal Oe3d3] And now ...Rxd3! would win.} 50. a7 Rxd3 $1 51. Rxd3 {[%emt 0:00:10] aiming for Rb3.} b1=Q {[%emt 0:00:16] Inhibits Rb3.} 52. Rf3+ Kg6 53. a8=Q Qc2+ 54. Kg1 Qc5+ 55. Kg2 {[%emt 0:00:18] Dancing on a razor blade.} Qc2+ 56. Kg1 Qc5+ 57. Kg2 Qc2+ {Weighted Error Value: White=0.11 (very precise) /Black=0.16 (very precise)} 1/2-1/2

[Event "Mitropa Cup Women 2022"]
[Site "Corte"]
[Date "2022.05.03"]
[Round "4.8"]
[White "Rozman, Monika"]
[Black "Buchholz, Maja"]
[Result "1-0"]
[ECO "C06"]
[WhiteElo "2117"]
[BlackElo "1945"]
[Annotator "TA"]
[PlyCount "91"]
[EventDate "2022.04.30"]
[EventType "team-tourn"]
[EventCountry "FRA"]
[SourceTitle "playchess.com"]
[Source "ChessBase"]
[SourceQuality "1"]
[WhiteTeam "Slovenia"]
[BlackTeam "Germany"]
[WhiteTeamCountry "SLO"]
[BlackTeamCountry "GER"]
[TimeControl "40/5400+30:1800+30"]

1. e4 e6 2. d4 d5 3. Nd2 Nf6 4. e5 Nfd7 5. Bd3 c5 6. c3 Nc6 7. Ne2 cxd4 8. cxd4 f6 9. exf6 Nxf6 10. Nf3 Bd6 11. O-O Qc7 12. h3 O-O 13. Be3 Bd7 14. Nc3 a6 15. Rc1 Be8 {[%emt 0:00:39] C06: French Tarrasch: 3...Nf6 4 e5 Nfd7 5 Bd3 main lines.} 16. Ng5 Qe7 17. f4 h6 {[%emt 0:05:27] The position is equal.} 18. Nf3 Nh5 19. Ne5 Ng3 $132 {[%emt 0:02:57][%mdl 2048] Black has counterplay} 20. Rf2 Bh5 {[%emt 0:15:36] [#] Inhibits Qg4.} 21. Nxc6 $146 ({Predecessor:} 21. Qc2 Rac8 22. a3 Bb8 23. Qd2 Ba7 24. Bb1 Nxe5 25. fxe5 Qh4 26. Qd3 Ne4 27. Rxf8+ Kxf8 {1-0 (67) Batista,R (2154)-Ichimura G Barbosa,L (1957) Sao Paulo 2017}) 21... bxc6 22. Qe1 c5 $2 {[%emt 0:32:29] This move loses the game for Black.} (22... Qf6 $11 {and Black is okay.}) 23. dxc5 $18 Bxc5 {[%emt 0:01:29] [#]} (23... Bc7 {keeps fighting.} 24. Bd4 Qf7) 24. Nxd5 $1 exd5 25. Bxc5 Qxe1+ 26. Rxe1 Rfe8 27. Re5 Rac8 28. b4 ({Weaker is} 28. Rxd5 Bf7 29. Re5 (29. Bc4 Bxd5 30. Bxd5+ Kh8 $17) 29... Rxe5 30. fxe5 Rxc5 $11) 28... Ne4 $2 (28... a5 29. Rxd5 axb4) 29. Rxh5 {[%emt 0:02:32] White is clearly winning.} Nxf2 30. Kxf2 a5 31. Rxd5 axb4 32. Bxb4 Rb8 33. a3 Rb6 34. Rd7 Rc6 {[%emt 0:02:57] Against Bc4+} 35. a4 Rec8 36. Bd6 Rc3 37. Be5 Rb3 38. Rxg7+ Kf8 39. Rd7 {[%emt 0:03:22] [#] Threatens to win with Bg6.} h5 40. a5 {[%emt 0:02:08] Hoping for a6.} Ke8 41. Rd5 Ke7 42. a6 Ke6 43. Rd6+ Ke7 44. Be4 Ra3 45. Rh6 {[%emt 0:00:00] Intending Bd6+ and mate.} Ra2+ 46. Kg3 {[%emt 0:00:00] Weighted Error Value: White=0.16 (very precise) /Black=0.57} 1-0